[Event "14th Margaryan Memorial-IM 2024"]
[Site "Yerevan"]
[Date "2024.01.15"]
[Round "8.9"]
[White "Sagradov Sahakyan, Alexander"]
[Black "Rostomyan, Mikayel"]
[Result "1-0"]
[ECO "D38"]
[WhiteElo "1423"]
[BlackElo "2294"]
[Annotator "NA RC"]
[PlyCount "75"]
[EventDate "2024.01.08"]
[EventType "tourn"]
[EventCountry "ARM"]
[SourceTitle "playchess.com"]
[Source "ChessBase"]
[SourceQuality "1"]
[TimeControl "40/5400+30:1800+30"]

1. Nf3 Nf6 2. c4 e6 3. Nc3 d5 4. d4 Bb4 5. Bg5 h6 6. Bxf6 Qxf6 7. e3 O-O 8. Rc1 dxc4 9. Bxc4 c5 10. O-O cxd4 11. Ne4 Qe7 12. a3 Ba5 13. exd4 Rd8 14. Rc2 Nd7 15. b4 Bb6 16. Re1 Nf6 17. Nc5 a5 18. Rce2 Nd5 19. Qb3 Qf6 20. Ne5 axb4 21. axb4 Bc7 22. g3 Qe7 23. Nxf7 Qxf7 24. Nxe6 Bxe6 25. Rxe6 Ra1 26. Re8+ Rxe8 27. Rxa1 Kh8 28. Bxd5 Qf6 29. Bxb7 Qxd4 30. Rd1 Qf6 31. Bf3 Bb6 32. Kg2 Rc8 33. Rd5 Qe7 34. Rd2 Rf8 35. b5 Qc5 36. Qd5 Qc3 37. Re2 Rb8 38. Qc6 1-0

[Event "14th Margaryan Memorial-IM 2024"]
[Site "Yerevan"]
[Date "2024.01.15"]
[Round "8.10"]
[White "Hayrapetyan, Edgar"]
[Black "Gasparyan, Erik R."]
[Result "1/2-1/2"]
[ECO "A22"]
[WhiteElo "2233"]
[BlackElo "2340"]
[Annotator "RC"]
[PlyCount "32"]
[EventDate "2024.01.08"]
[EventType "tourn"]
[EventCountry "ARM"]
[SourceTitle "playchess.com"]
[Source "ChessBase"]
[SourceQuality "1"]
[TimeControl "40/5400+30:1800+30"]

1. c4 e5 2. Nc3 Nf6 3. Nf3 e4 4. Ng5 c6 5. Ngxe4 Nxe4 6. Nxe4 d5 7. cxd5 cxd5 8. Ng3 h5 9. e3 h4 10. Ne2 Nc6 11. d4 Qf6 12. Nc3 Qg6 13. f3 Bd6 14. Kf2 Bg3+ 15. Kg1 Bd6 16. Kf2 Bg3+ 1/2-1/2

[Event "14th Margaryan Memorial-IM 2024"]
[Site "Yerevan"]
[Date "2024.01.16"]
[Round "9.6"]
[White "Gasparyan, Erik R."]
[Black "Zakaryan, David"]
[Result "1/2-1/2"]
[ECO "B45"]
[WhiteElo "2340"]
[BlackElo "2299"]
[Annotator "TA"]
[PlyCount "103"]
[EventDate "2024.01.08"]
[EventType "tourn"]
[EventCountry "ARM"]
[SourceTitle "playchess.com"]
[Source "ChessBase"]
[SourceQuality "1"]
[TimeControl "40/5400+30:1800+30"]

1. e4 c5 2. Nc3 e6 3. Nf3 Nc6 4. d4 cxd4 5. Nxd4 Nf6 6. Nxc6 bxc6 7. e5 Nd5 8. Ne4 Qc7 9. f4 Qb6 10. c4 Bb4+ 11. Ke2 f5 12. exf6 Nxf6 {[%emt 0:00:02] B45: Sicilian Four Knights.} 13. Be3 {[%emt 0:00:07] The board is on fire.} Qd8 14. Nd6+ Bxd6 {[%emt 0:00:11] White has an edge.} 15. Qxd6 Bb7 {[%emt 0:00:13][%cal Oc6c5] Black is weak on the dark squares} 16. Rd1 Rc8 17. c5 Ba6+ $1 18. Kf3 Bxf1 19. Rhxf1 {[%emt 0:00:05][%cal Of4f5] [#]} Qc7 $146 (19... Nd5 $5 ) ({Predecessor:} 19... Nd5 20. g3 Rf8 21. Qe5 Qe7 22. Rde1 Rf5 23. Qxf5 exf5 24. Bd4 Qxe1 25. Rxe1+ Kf7 {½-½ Fuehrer,F-Bernitt,S RR-22941 freechess.de 2021}) 20. Qxc7 Rxc7 21. Bd4 O-O {[%emt 0:00:03] The position is equal.} 22. Rd3 Rb7 23. Be5 Nd5 24. g3 a5 25. Rb3 Rxb3+ 26. axb3 $11 {[%emt 0:00:08][%mdl 4096] Endgame KRB-KRN} Ra8 27. Ke4 Ra7 28. Bd4 Rb7 29. Ra1 Rxb3 30. Rxa5 Kf7 31. Ra7 Nf6+ 32. Bxf6 Kxf6 33. Rxd7 Rxb2 {[%emt 0:00:24] KR-KR} 34. Rd6 Rxh2 35. Rxc6 Re2+ 36. Kf3 Rc2 37. Rc8 Rc3+ 38. Kg4 Rc4 39. Kh5 Rc3 40. c6 Rc5+ 41. Kg4 Rc3 42. c7 {[%emt 0:01:34] [#] White threatens Rf8+ and mate.} Kg6 43. Kh4 Kf7 44. g4 Kg6 45. f5+ exf5 46. gxf5+ Kh6 47. Kg4 Rc4+ 48. Kf3 Rc1 49. Ke4 Re1+ 50. Kd5 Rd1+ 51. Ke6 {[%emt 0:00:07] [#] White wants to mate with Rh8.} Re1+ 52. Kf7 {[%emt 0:01:34] An even fight not without its subleties.   Weighted Error Value: White=0.02 (flawless) /Black=0.01 (flawless)} 1/2-1/2

[Event "14th Margaryan Memorial-IM 2024"]
[Site "Yerevan"]
[Date "2024.01.16"]
[Round "9.7"]
[White "Rostomyan, Mikayel"]
[Black "Hayrapetyan, Edgar"]
[Result "1/2-1/2"]
[ECO "D36"]
[WhiteElo "2294"]
[BlackElo "2233"]
[Annotator "RC"]
[PlyCount "55"]
[EventDate "2024.01.08"]
[EventType "tourn"]
[EventCountry "ARM"]
[SourceTitle "playchess.com"]
[Source "ChessBase"]
[SourceQuality "1"]
[TimeControl "40/5400+30:1800+30"]

1. d4 Nf6 2. c4 e6 3. Nc3 d5 4. cxd5 exd5 5. Bg5 c6 6. e3 Be7 7. Bd3 O-O 8. Qc2 Nbd7 9. Nge2 Re8 10. O-O Nf8 11. Rae1 g6 12. f3 Ne6 13. Bh4 Ng7 14. h3 Nfh5 15. Bf2 Bh4 16. g3 Bg5 17. f4 Bxh3 18. fxg5 Qxg5 19. e4 Rad8 20. Kh2 Bxf1 21. Rxf1 Ne6 22. Bg1 Qg4 23. Be3 Ng5 24. Bxg5 Qxg5 25. Qc1 Qxc1 26. Rxc1 dxe4 27. Nxe4 Kg7 28. Kg2 1/2-1/2

[Event "14th Margaryan Memorial-IM 2024"]
[Site "Yerevan"]
[Date "2024.01.16"]
[Round "9.8"]
[White "Ambartsumian, Tyhran"]
[Black "Sagradov Sahakyan, Alexander"]
[Result "0-1"]
[ECO "B40"]
[WhiteElo "2224"]
[BlackElo "1423"]
[Annotator "RC"]
[PlyCount "58"]
[EventDate "2024.01.08"]
[EventType "tourn"]
[EventCountry "ARM"]
[SourceTitle "playchess.com"]
[Source "ChessBase"]
[SourceQuality "1"]
[TimeControl "40/5400+30:1800+30"]

1. e4 c5 2. Nf3 e6 3. g3 Nc6 4. Bg2 d6 5. d4 cxd4 6. Nxd4 Nxd4 7. Qxd4 Ne7 8. O-O Nc6 9. Qe3 Be7 10. Rd1 O-O 11. c4 Qc7 12. Nc3 a6 13. b3 Rb8 14. Bb2 Ne5 15. Rac1 Bd7 16. h3 Rfd8 17. Kh2 Qa5 18. f4 Ng6 19. a3 Qc5 20. Qe2 a5 21. a4 Bf6 22. h4 Bc6 23. Rd3 Bxh4 24. gxh4 Nxf4 25. Qd2 Nxd3 26. Qxd3 Qf2 27. Rc2 Qxh4+ 28. Bh3 g6 29. Rf2 Qxf2+ 0-1

[Event "14th Margaryan Memorial-IM 2024"]
[Site "Yerevan"]
[Date "2024.01.16"]
[Round "9.9"]
[White "Putrenko, Kirill"]
[Black "Kaiyrbekov, Rustam"]
[Result "1-0"]
[ECO "A30"]
[WhiteElo "2353"]
[BlackElo "2295"]
[Annotator "TA"]
[PlyCount "116"]
[EventDate "2024.01.08"]
[EventType "tourn"]
[EventCountry "ARM"]
[SourceTitle "playchess.com"]
[Source "ChessBase"]
[SourceQuality "1"]
[TimeControl "40/5400+30:1800+30"]

1. Nf3 Nf6 2. c4 c5 3. Nc3 b6 4. g3 Bb7 5. Bg2 e6 6. O-O d6 7. d4 cxd4 8. Nxd4 Bxg2 9. Kxg2 Qc7 {[%emt 0:00:15] A30: Symmetrical English: Double Fianchetto and Hedgehog.} 10. Qd3 a6 11. f4 Nbd7 {[%emt 0:01:12] White is slightly better.} 12. b3 {[%emt 0:05:11] [#]} Be7 $146 ({Predecessor:} 12... Rc8 13. Bb2 Qb7+ 14. Qf3 Qxf3+ 15. exf3 Be7 16. Rfe1 O-O 17. Rad1 Rfe8 18. Re2 g6 {½-½ Egger,T (2255)-Roemer,U (2300) BL2-Sued 8788 1987 [1]}) 13. Qf3 Rc8 14. g4 {[%emt 0:05:18] White is more active.} (14. Bb2 $14) 14... g6 (14... h6 $1 $11) 15. g5 $16 Nh5 16. Bd2 O-O {[%emt 0:10:31][%cal Oh7h6] [#]} 17. f5 Ne5 $15 (17... exf5 18. Nxf5 (18. Nd5 Qd8 $16) 18... Qd8 19. Qg4 $16 (19. Nh6+ Kg7 $16)) 18. Qh3 Qb7+ $1 (18... exf5 19. Nxf5 gxf5 20. Nd5 $14) 19. Kg1 (19. e4 $5 exf5 20. Rxf5 $11) 19... d5 20. fxe6 Bc5 (20... dxc4 $15 21. Rad1 Bc5) 21. Be3 $1 $11 dxc4 22. bxc4 Nxc4 ({Black should play} 22... Rfe8 $15 23. Nd5 fxe6 24. Nf6+ Nxf6 25. gxf6 Qf7) 23. Rxf7 Rxf7 24. exf7+ Kh8 $1 {[%emt 0:03:29] Hoping for ...Rf8.} 25. Rf1 Rf8 {[%emt 0:02:43] Threatens to win with ...Qe7.} 26. Qe6 (26. Na4 $5 Rxf7 27. Rxf7 Qxf7 28. Nxc5 bxc5 29. Ne6 $14) 26... Nxe3 27. Qxe3 Qd7 28. Qe5+ Ng7 29. e3 {[%emt 0:00:48] Really sharp!} Rxf7 30. Rxf7 Qxf7 31. Nd5 Qe8 $132 {[%emt 0:03:11][%mdl 2048] Black has counterplay} 32. Qf6 (32. Qxe8+ {simplifies} Nxe8 33. Kf2 Kg7 34. Ke2) 32... Qe4 33. Qf7 Qe8 34. Qf4 Nh5 35. Qg4 Qd8 36. Qg2 Bxd4 37. exd4 {[%emt 0:00:01][%mdl 4096] Endgame KQN-KQN} Ng7 38. h4 Qd6 39. Qe4 Ne6 40. Kf1 b5 (40... Kg8 $11) 41. Nf6 $16 {[%emt 0:23:40] aiming for d5.} Qf4+ 42. Qxf4 Nxf4 {[%emt 0:00:02] KN-KN} 43. Kf2 {[%emt 0:02:35] Black must now prevent d5.} Kg7 44. Kf3 Nd3 45. Ke4 $2 (45. d5 $18) 45... Nb4 $11 46. d5 {[%emt 0:01:07] a3 would be deadly.} Nxa2 47. d6 {[%emt 0:00:40] Intending d7 and mate.} Nb4 48. d7 (48. Nd5 $5 Nc6 $8 49. d7 $11) 48... Nc6 49. Kd5 Nd8 50. Kd6 {[%emt 0:01:13] Threatening mate with Kc7.} Kf7 $2 (50... b4 $11) 51. Nd5 $1 {[%emt 0:00:23] Kc7 would kill now.} (51. Nxh7 b4 52. Nf6 b3 $11) 51... a5 52. Kc7 {[%emt 0:00:24] White mates.} Ne6+ {[%emt 0:00:25] [#]} 53. Kc8 $1 ({Inferior is} 53. Kb6 b4 $11) 53... a4 54. Nc7 (54. d8=R $2 {too greedy.} Nxd8 55. Kxd8 a3 $19) 54... Nd8 55. Kxd8 a3 56. Kc8 a2 57. d8=Q ({Worse is} 57. d8=R a1=Q $11) 57... a1=Q 58. Qe8+ Kg7 {[%emt 0:00:42] Excellently played by Putrenko!   Weighted Error Value: White=0.12 (very precise) /Black=0.32} 1-0

[Event "14th Margaryan Memorial-IM 2024"]
[Site "Yerevan"]
[Date "2024.01.16"]
[Round "9.10"]
[White "Pashikyan, Rudolf"]
[Black "Lomsadze, Davit"]
[Result "1/2-1/2"]
[ECO "C47"]
[WhiteElo "2287"]
[BlackElo "2253"]
[Annotator "RC"]
[PlyCount "31"]
[EventDate "2024.01.08"]
[EventType "tourn"]
[EventCountry "ARM"]
[SourceTitle "playchess.com"]
[Source "ChessBase"]
[SourceQuality "1"]
[TimeControl "40/5400+30:1800+30"]

1. e4 e5 2. Nf3 Nc6 3. d4 exd4 4. Nxd4 Nf6 5. Nc3 Bb4 6. Nxc6 bxc6 7. Bd3 d5 8. Bd2 Bxc3 9. Bxc3 dxe4 10. Bxf6 Qxf6 11. Bxe4 Ba6 12. Bd3 Bxd3 13. Qxd3 O-O 14. O-O Qxb2 15. Qc4 Qb5 16. Qc3 1/2-1/2